 Dungeon Sprint DCSS version 0.23-a0-143-g1adec7b (webtiles) character file.

408976 Faca the Conqueror (level 21, -51/179 HPs)
             Began as a Gargoyle Fighter on Aug 31, 2018.
             Was the Champion of the Shining One.
             Killed from afar by Dasoer the pandemonium lord (62 damage)
             ... with a great icy blast
             ... in the Dungeon (Sprint IX: "|||||||||||||||||||||||||||||").
             The game lasted 00:51:20 (11986 turns).

Faca the Conqueror (Gargoyle Fighter)              Turns: 11986, Time: 00:51:20

Health: -51/179    AC: 58    Str: 32    XL:     21   Next: 71%
Magic:  30/38      EV: 21    Int: 11    God:    the Shining One [******]
Gold:   916        SH: 34    Dex: 13    Spells: 20/20 levels left

rFire    + . .     SeeInvis .   y - +3 sacred scourge (holy)
rCold    + . .     Gourm    .   w - +0 large shield
rNeg     + + +     Faith    .   I - +6 gold dragon scales
rPois    ∞         Spirit   .   p - +2 helmet
rElec    +         Reflect  +   v - +1 cloak
rCorr    .         Harm     .   q - +0 pair of gloves
MR       ++...     NoTele   +   G - +2 pair of boots
Stlth    +.........             s - +6 amulet of reflection
HPRegen  0.39/turn              D - +6 ring of strength
MPRegen  0.26/turn              a - ring of protection from magic

@: glowing
A: big wings, slimy green scales 1, blurry vision 1, deformed body, negative
energy resistance 1, robust 1, electricity resistance, strong 1, unbreathing,
petrification resistance, rot immunity, AC +16
0: Orb of Zot
}: 6/17 runes: decaying, serpentine, barnacled, elven, silver, gossamer
a: Fly, Divine Shield, Cleansing Flame, Summon Divine Warrior, Brand Weapon With
Holy Wrath, Renounce Religion


You were in the Dungeon.
You worshipped the Shining One.
The Shining One was exalted by your worship.
You were not hungry.

You visited 1 branch You collected 1993 gold pieces.
You spent 1077 gold pieces at shops.

Inventory:

Hand Weapons
 t - a +7 eveningstar of protection
 y - a +3 sacred scourge of holy wrath (weapon)
Armour
 p - a +2 helmet (worn)
 q - a +0 pair of gloves (worn)
 v - a +1 cloak (worn)
 w - a +0 large shield (worn)
 G - a +2 pair of boots (worn)
 I - +6 gold dragon scales (worn)
Jewellery
 a - a ring of protection from magic (right hand)
 o - the ring "Iceory" {rPois rC+}
   (You found it in the Dungeon)

   [ring of poison resistance]

   It protects you from cold.
   It protects you from poison.
 s - a +6 amulet of reflection (around neck)
 z - the ring of Hefealel {+Fly MP+9}
   (You found it in the Dungeon)

   [ring of flight]

   It affects your magic capacity (+9).
   It lets you fly.
 A - the amulet "Ziumyott" {+Rage Dex+4}
   (You found it in the Dungeon)

   [amulet of rage]

   It affects your dexterity (+4).
   It lets you go berserk.
 D - a +6 ring of strength (left hand)
 E - the ring "Pytux" {Str+3 Int+4}
   (You found it in the Dungeon)

   [ring of strength]

   It affects your strength (+3).
   It affects your intelligence (+4).
 F - the ring of the Omega Point {MP+9 Str+3}
   (You found it in the Dungeon)

   [ring of strength]

   It affects your strength (+3).
   It affects your magic capacity (+9).
Wands
 i - a wand of scattershot (6)
 n - a wand of acid (10)
 B - a wand of iceblast (4)
Scrolls
 k - 3 scrolls of blinking
 l - 3 scrolls of remove curse
 m - 9 scrolls of identify
 C - 8 scrolls of fear
 J - a scroll of fog
Potions
 b - 2 potions of mutation
 d - 4 potions of might
 e - 10 potions of curing
 g - 3 potions of heal wounds
 h - 7 potions of haste
 j - 2 potions of berserk rage
 r - 2 potions of agility
 u - a potion of resistance
 x - a potion of ambrosia
Comestibles
 f - 9 rations


   Skills:
 O Level 27 Fighting
 O Level 27 Maces & Flails
 O Level 27 Armour
 O Level 27 Dodging
 O Level 27 Stealth
 O Level 27 Shields
 O Level 27 Invocations
 + Level 23.7 Evocations


You had 20 spell levels left.
You didn't know any spells.
Your spell library was empty.

Dungeon Overview and Level Annotations

Branches:
Dungeon (1/1)

Altars:
Cheibriados
Dithmenos
Elyvilon
Fedhas
Gozag
Hepliaklqana
Kikubaaqudgha
Makhleb
Nemelex Xobeh
Okawaru
Qazlal
Ru
Sif Muna
Trog
Uskayaw
Vehumet
Wu Jian
Xom
Yredelemnul
Zin
The Shining One
Beogh
Jiyva
Lugonu

Shops:
D [=:?


Innate Abilities, Weirdness & Mutations

You are resistant to torment.
Your stone body is resilient. (AC +16)
You are immune to poison.
Your large and strong wings let you fly indefinitely.
You resist negative energy. (rN+)
You are resistant to electric shocks. (rElec)
You can survive without breathing.
You are immune to petrification.
You are immune to rotting.
You are partially covered in slimy green scales. (AC +2)
Scrolls take you a little longer to read.
Armour fits poorly on your strangely shaped body.
You are robust. (+10% HP)
Your muscles are strong. (Str +2)


Message History

You are engulfed in freezing vapours.
You resist.
* * * LOW HITPOINT WARNING * * *
You barely miss Dasoer.
Dasoer is lightly wounded.
You are engulfed in freezing vapours.
You resist. You block Dasoer's attack.
You hit Dasoer.
Dasoer convulses.
Dasoer is lightly wounded.
You are engulfed in freezing vapours.
You resist. You block Dasoer's attack.
Press: ? - help, v - describe, . - travel, g - get item
Here: Dasoer (lightly wounded, haloed)
A war axe.
There is something else lying underneath.
The floor, spattered with blood.
You feel somewhat more hungry.
You are engulfed in freezing vapours.
You resist. The ice encasing you melts away. Dasoer gestures at you.
Dasoer conjures a mighty blast of ice!
The great icy blast engulfs you! You partially resist.
You die...

♣.♣.▓.▓.▓.▓.▓)▓.▓)▓.▓)▓.▓)
♣.♣.▓.▓.▓.▓.▓)▓[▓)▓.▓)▓.▓)
♣.♣.▓.▓.▓.▓.▓)▓.▓.▓.▓'▓.▓.
♣.♣.▓'▓.▓§▓.▓)▓.▓.▓.▓.▓.▓.
♣.♣.▓.▓.▓§▓.▓.▓†▓†▓.▓.▓.▓.
♣)♣.▓.▓.▓§▓.▓.▓.▓(▓.▓)▓.▓=
♣)♣.▓.▓.▓§▓.▓.▓.▓(▓.▓)▓.▓.
♣)♣.▓.▓.▓§▓.▓.▓.▓)▓.▓(▓.▓.
♣)♣.▓.▓.▓@▓.▓.▓.▓)▓.▓.▓.▓=
▓.▓.▓.▓.▓&▓.▓.▓)▓(▓.▓.▓.▓.
▓.▓.▓.▓.▓5▓.▓.▓.▓)▓.▓.▓.▓.
▓.▓.▓.▓.▓.▓.▓.▓.▓)▓.▓.▓.▓'
▓.▓.▓.▓.▓.▓.▓.▓.▓.▓.▓.▓.▓.
▓.▓.▓.▓.▓.▓.▓.▓.▓)▓.▓†▓.▓.
▓.▓.▓'▓.▓.▓.▓.▓.▓.▓.▓.▓.▓.
▓.▓.▓.▓.▓.▓.▓.▓.▓.▓.▓[▓.▓.
▓.▓.▓.▓.▓.▓.▓'▓.▓)▓.▓'▓.▓.


You could see Dasoer and a crimson imp.

Vanquished Creatures
  2 ancient liches (D)
  Mennas (D)
  5 orbs of fire (D)
  Mara (D)
  A curse toe (D)
  Frederick (D)
  Saint Roka (D)
  Xtahua (D)
  3 golden dragons (D)
  Nikola (D)
  2 bone dragons (D)
  3 electric golems (D)
  Rupert (D)
  7 tentacled monstrosities (D)
  27 Orb Guardians (D)
  A Hell Sentinel (D)
  2 quicksilver dragons (D)
  6 liches (D)
  A titan (D)
  2 deep elf master archers (D)
  A deep elf blademaster (D)
  5 acid blobs (D)
  2 death cobs (D)
  A sphinx (D)
  Frances (D)
  7 shadow dragons (D)
  5 nagarajas (D)
  3 storm dragons (D)
  2 draconian monks (D)
  Donald (D)
  3 fire giants (D)
  3 draconian scorchers (D)
  A draconian knight (D)
  A frost giant (D)
  5 ghost moths (D)
  Louise (D)
  5 emperor scorpions (D)
  Aizul (D)
  3 vault wardens (D)
  2 ironheart preservers (D)
  2 draconian annihilators (D)
  5 stone giants (D)
  A very ugly thing (D)
  An entropy weaver (D)
  Nessos (D)
  3 deep elf annihilators (D)
  10 vampire knights (D)
  2 deep elf demonologists (D)
  A green draconian (D)
  4 purple draconians (D)
  2 red draconians (D)
  4 black draconians (D)
  2 white draconians (D)
  2 ettins (D)
  A deep elf death mage (D)
  5 merfolk javelineers (D)
  3 fire dragons (D)
  3 merfolk impalers (D)
  3 death oozes (D)
  5 yaktaur captains (D)
  2 deep elf high priests (D)
  2 naga warriors (D)
  2 rakshasas (D)
  4 ice dragons (D)
  10 hydras (D)
  25 vault guards (D)
  2 anacondas (D)
  A ghost crab (D)
  4 merfolk aquamancers (D)
  4 centaur warriors (D)
  A death knight (D)
  A two-headed ogre (D)
  A tengu warrior (D)
  An alligator (D)
  2 ogre magi (D)
  3 deep troll shamans (D)
  A spriggan berserker (D)
  2 shock serpents (D)
  An orc high priest (D)
  2 hell knights (D)
  Sonja (D)
  A small abomination (D)
  A death drake (shapeshifter) (D)
  A sea snake (D)
  A flayed ghost (D)
  A shambling mangrove (D)
  A spriggan druid (D)
  6 swamp dragons (D)
  A phantasmal warrior (D)
  A deep elf archer (D)
  2 ironbrand convokers (D)
  12 orc knights (D)
  4 wolf spiders (D)
  2 necromancers (D)
  11 moths of wrath (D)
  A cyclops (D)
  2 guardian serpents (D)
  2 vault sentinels (D)
  3 black mambas (D)
  4 naga magi (D)
  2 spiny frogs (D)
  Maurice (D)
  Joseph (D)
  A gargoyle (D)
  2 yaktaurs (D)
  A hellion (D)
  A demonic crawler (D)
  A freezing wraith (D)
  A meliai (shapeshifter) (D)
  6 hornets (D)
  2 jumping spiders (D)
  2 merfolk (D)
  A troll (D)
  2 wind drakes (D)
  A slime creature (D)
  A hippogriff (D)
  2 snapping turtles (D)
  2 shadows (D)
  2 redbacks (D)
  11 spriggans (D)
  2 tarantellas (D)
  A wraith (D)
  A yak (shapeshifter) (D)
  A wyvern (D)
  2 yaks (D)
  2 wargs (D)
  2 nagas (D)
  3 acid dragons (D)
  3 water moccasins (D)
  A hell hound (D)
  A floating eye (D)
  A porcupine (D)
  A swamp drake (D)
  21 orc warriors (D)
  A sky beast (D)
  2 phantoms (D)
  6 wolves (D)
  A boggart (D)
  A big kobold (D)
  3 crocodiles (D)
  2 bullfrogs (D)
  A scorpion (D)
  A killer bee (D)
  A wight (D)
  2 crimson imps (D)
  A jelly (D)
  An orc priest (D)
  An orc wizard (D)
  A gnoll (D)
  An adder (D)
  A shadow imp (D)
  An adder skeleton (D)
  A leopard gecko (D)
  12 orcs (D)
  2 bats (D)
  A kobold (D)
  A leopard gecko zombie (D)
  A rat (D)
442 creatures vanquished.

Vanquished Creatures (collateral kills)
  Ilsuiw (D)
  A merfolk javelineer (D)
  A merfolk aquamancer (D)
3 creatures vanquished.

Vanquished Creatures (others)
  3 deep elf master archers (D)
  A fire dragon (D)
  An alligator (D)
  A spriggan (D)
  A spriggan druid (D)
  A hornet (D)
  An iron imp (D)
9 creatures vanquished.

Grand Total: 454 creatures vanquished

Notes
Turn   | Place    | Note
-------+----------+-------------------------------------------
     0 | D        | Faca the Gargoyle Fighter began the quest for the Orb.
     0 | D        | Reached XP level 1. HP: 14/14 MP: 1/1
    17 | D        | Reached XP level 2. HP: 19/20 MP: 2/2
    24 | D        | Noticed a scorpion
    24 | D        | Noticed a phantom
    24 | D        | Noticed a phantom
    47 | D        | Reached skill level 5 in Fighting
    70 | D        | Reached XP level 3. HP: 8/27 MP: 3/3
    75 | D        | Killed a scorpion
    75 | D        | Reached XP level 4. HP: 8/34 MP: 4/4
   135 | D        | Killed a phantom
   135 | D        | Reached XP level 5. HP: 4/40 MP: 5/5
   232 | D        | Killed a phantom
   232 | D        | Reached skill level 10 in Fighting
   232 | D        | Reached XP level 6. HP: 6/48 MP: 6/6
   503 | D        | Found a roughly hewn altar of Beogh.
   503 | D        | Found a snail-covered altar of Cheibriados.
   503 | D        | Found a shadowy altar of Dithmenos.
   503 | D        | Found a white marble altar of Elyvilon.
   503 | D        | Found a blossoming altar of Fedhas.
   503 | D        | Found an opulent altar of Gozag.
   504 | D        | Found a hazy altar of Hepliaklqana.
   505 | D        | Found a viscous altar of Jiyva.
   506 | D        | Found an ancient bone altar of Kikubaaqudgha.
   507 | D        | Found a corrupted altar of Lugonu.
   508 | D        | Found a burning altar of Makhleb.
   509 | D        | Found a sparkling altar of Nemelex Xobeh.
   510 | D        | Found an iron altar of Okawaru.
   511 | D        | Found a stormy altar of Qazlal.
   512 | D        | Found a sacrificial altar of Ru.
   513 | D        | Found a deep blue altar of Sif Muna.
   514 | D        | Found a bloodstained altar of Trog.
   515 | D        | Found a hide-covered altar of Uskayaw.
   516 | D        | Found a radiant altar of Vehumet.
   517 | D        | Found an ornate altar of the Wu Jian Council.
   518 | D        | Found a shimmering altar of Xom.
   519 | D        | Found a basalt altar of Yredelemnul.
   520 | D        | Found a glowing silver altar of Zin.
   521 | D        | Found a glowing golden altar of the Shining One.
   529 | D        | Became a worshipper of the Shining One
   576 | D        | Noticed an orc warrior
   576 | D        | Reached * piety under the Shining One
   576 | D        | Noticed a two-headed ogre
   581 | D        | Killed a two-headed ogre
   581 | D        | Reached XP level 7. HP: 42/57 MP: 7/7
   581 | D        | Reached XP level 8. HP: 47/63 MP: 8/8
   666 | D        | Reached ** piety under the Shining One
   666 | D        | Noticed a six-headed hydra
   666 | D        | Noticed a troll
   666 | D        | Reached *** piety under the Shining One
   675 | D        | Killed a six-headed hydra
   675 | D        | Reached XP level 9. HP: 61/70 MP: 9/9
   689 | D        | Killed a troll
   689 | D        | Reached skill level 15 in Fighting
  1098 | D        | Noticed a five-headed hydra
  1098 | D        | Reached **** piety under the Shining One
  1099 | D        | Noticed a six-headed hydra
  1111 | D        | Killed a five-headed hydra
  1111 | D        | Reached skill level 15 in Maces & Flails
  1114 | D        | Killed a six-headed hydra
  1114 | D        | Reached XP level 10. HP: 24/80 MP: 10/10
  1440 | D        | Noticed a spiny frog
  1440 | D        | Reached ***** piety under the Shining One
  1440 | D        | Noticed an eight-headed hydra
  1442 | D        | Noticed a spiny frog
  1445 | D        | Killed an eight-headed hydra
  1451 | D        | Killed a spiny frog
  1467 | D        | Killed a spiny frog
  1683 | D        | Reached XP level 11. HP: 84/88 MP: 11/11
  1885 | D        | Noticed Sonja
  1894 | D        | Killed Sonja
  1907 | D        | Noticed Maurice
  1913 | D        | Killed Maurice
  1954 | D        | Noticed an orc high priest
  1954 | D        | Reached ****** piety under the Shining One
  1956 | D        | Noticed an orc knight
  1986 | D        | Killed an orc high priest
  1986 | D        | Reached skill level 5 in Armour
  1986 | D        | Reached skill level 5 in Shields
  1992 | D        | Killed an orc knight
  2141 | D        | Noticed an orc knight
  2141 | D        | Noticed an orc knight
  2166 | D        | Killed an orc knight
  2186 | D        | Killed an orc knight
  2188 | D        | Noticed an orc knight
  2211 | D        | Killed an orc knight
  2538 | D        | Found Suriam's Magic Scroll Boutique.
  2538 | D        | Noticed an orc knight
  2538 | D        | Noticed an orc knight
  2541 | D        | Noticed an orc knight
  2545 | D        | Killed an orc knight
  2546 | D        | Found Jonej's Book Shop.
  2546 | D        | Noticed an orc knight
  2574 | D        | Killed an orc knight
  2579 | D        | Killed an orc knight
  2585 | D        | Killed an orc knight
  2676 | D        | Noticed an orc knight
  2805 | D        | Killed an orc knight
  2805 | D        | Reached XP level 12. HP: 64/96 MP: 12/12
  2979 | D        | Found Jashrika's Jewellery Boutique.
  2983 | D        | Found Vufeujo's Antique Armour Shop.
  3017 | D        | Bought an uncursed ring of protection from magic for 300
                  | gold pieces
  3017 | D        | Bought a +6 amulet of reflection for 702 gold pieces
  3023 | D        | Bought a scroll of enchant weapon for 75 gold pieces
  3060 | D        | Noticed Joseph
  3072 | D        | Killed Joseph
  3202 | D        | Reached skill level 10 in Armour
  3202 | D        | Reached skill level 10 in Shields
  3224 | D        | Noticed an ettin
  3229 | D        | Noticed a stone giant
  3231 | D        | Noticed a centaur warrior
  3232 | D        | Noticed a vampire knight
  3235 | D        | Noticed a tengu warrior
  3247 | D        | Killed a stone giant
  3250 | D        | Killed an ettin
  3256 | D        | Killed a centaur warrior
  3265 | D        | Killed a vampire knight
  3269 | D        | Killed a tengu warrior
  3312 | D        | Noticed a lich
  3313 | D        | Noticed a green death
  3313 | D        | Noticed an ice dragon
  3327 | D        | Killed a lich
  3338 | D        | Killed an ice dragon
  3338 | D        | Reached XP level 13. HP: 70/104 MP: 13/13
  3485 | D        | Noticed Saint Roka
  3541 | D        | Killed Saint Roka
  3851 | D        | Noticed Nessos
  3859 | D        | Killed Nessos
  4106 | D        | Noticed an entropy weaver
  4108 | D        | Reached skill level 5 in Invocations
  4116 | D        | Killed an entropy weaver
  4378 | D        | Reached skill level 15 in Armour
  4378 | D        | Reached skill level 15 in Shields
  4517 | D        | Noticed a merfolk javelineer
  4524 | D        | Killed a merfolk javelineer
  4524 | D        | Gained mutation: Your large and strong wings let you fly
                  | indefinitely. [Gargoyle growth]
  4524 | D        | Reached XP level 14. HP: 92/112 MP: 18/20
  4731 | D        | Noticed Rupert
  4753 | D        | Killed Rupert
  4802 | D        | Noticed Donald
  4815 | D        | Killed Donald
  4815 | D        | Reached skill level 10 in Invocations
  4890 | D        | Noticed a fire giant
  4903 | D        | Noticed a fire giant
  4925 | D        | Killed a fire giant
  4941 | D        | Killed a fire giant
  5022 | D        | Noticed a fire giant
  5023 | D        | Noticed a stone giant
  5046 | D        | Killed a fire giant
  5056 | D        | Killed a stone giant
  5071 | D        | Noticed a vault warden
  5082 | D        | Killed a vault warden
  5094 | D        | Noticed a vault warden
  5136 | D        | Killed a vault warden
  5136 | D        | Reached XP level 15. HP: 101/120 MP: 25/25
  5273 | D        | Noticed a vault warden
  5291 | D        | Killed a vault warden
  5366 | D        | Noticed Nikola
  5381 | D        | Killed Nikola
  5398 | D        | Noticed Mara
  5418 | D        | Killed Mara
  5418 | D        | Reached skill level 15 in Invocations
  5591 | D        | Noticed Xtahua
  5592 | D        | Paralysed by Xtahua for 5 turns
  5607 | D        | Killed Xtahua
  5728 | D        | Noticed a nagaraja
  5728 | D        | Noticed a nagaraja
  5740 | D        | Killed a nagaraja
  5741 | D        | Noticed a nagaraja
  5751 | D        | Killed a nagaraja
  5768 | D        | Killed a nagaraja
  5825 | D        | Noticed a nagaraja
  5826 | D        | Noticed a nagaraja
  5829 | D        | Got a serpentine rune of Zot
  5839 | D        | Killed a nagaraja
  5848 | D        | Killed a nagaraja
  5884 | D        | Noticed an emperor scorpion
  5884 | D        | Noticed an emperor scorpion
  5884 | D        | Noticed a ghost moth
  5898 | D        | Noticed a ghost moth
  6273 | D        | Killed an emperor scorpion
  6273 | D        | Reached XP level 16. HP: 129/131 MP: 28/28
  6522 | D        | Got a gossamer rune of Zot
  6600 | D        | Noticed Ilsuiw
  6622 | D        | Reached skill level 1 in Dodging
  6647 | D        | Killed Ilsuiw
  6901 | D        | Got a barnacled rune of Zot
  7007 | D        | Reached skill level 5 in Dodging
  7030 | D        | Reached skill level 27 in Fighting
  7212 | D        | Got a decaying rune of Zot
  7229 | D        | Noticed Louise
  7253 | D        | Killed Louise
  7289 | D        | Noticed Frances
  7306 | D        | Killed Frances
  7474 | D        | Reached XP level 17. HP: 139/139 MP: 29/29
  7562 | D        | Reached skill level 10 in Dodging
  7599 | D        | Noticed a quicksilver dragon
  7674 | D        | Killed a quicksilver dragon
  7729 | D        | Noticed a sphinx
  7738 | D        | Killed a sphinx
  7864 | D        | Noticed a titan
  7864 | D        | Noticed a tentacled monstrosity
  7864 | D        | Noticed a lich
  7867 | D        | Noticed a golden dragon
  7875 | D        | Killed a lich
  7881 | D        | Killed a tentacled monstrosity
  7901 | D        | Killed a titan
  7919 | D        | Killed a golden dragon
  7947 | D        | Got a silver rune of Zot
  8108 | D        | Noticed Frederick
  8117 | D        | Killed Frederick
  8117 | D        | Reached XP level 18. HP: 141/145 MP: 30/30
  8137 | D        | Noticed Mennas
  8184 | D        | Killed Mennas
  8186 | D        | Noticed Aizul
  8202 | D        | Killed Aizul
  8240 | D        | Got the ring "Iceory" {rPois rC+}
  8242 | D        | Got the ring of Hefealel {+Fly MP+9}
  8244 | D        | Got the amulet "Ziumyott" {+Rage Dex+4}
  8246 | D        | Got the ring "Pytux" {Str+3 Int+4}
  8248 | D        | Got the ring of the Omega Point {MP+9 Str+3}
  8430 | D        | Noticed a lich
  8442 | D        | Killed a lich
  8442 | D        | Reached skill level 15 in Dodging
  8498 | D        | Noticed a bone dragon
  8510 | D        | Noticed a bone dragon
  8532 | D        | Killed a bone dragon
  8553 | D        | Killed a bone dragon
  8560 | D        | Reached skill level 27 in Shields
  8565 | D        | Reached skill level 27 in Armour
  8650 | D        | Noticed a tentacled monstrosity
  8650 | D        | Noticed a tentacled monstrosity
  8654 | D        | Killed a tentacled monstrosity
  8662 | D        | Killed a tentacled monstrosity
  8796 | D        | Noticed a tentacled monstrosity
  8796 | D        | Noticed a tentacled monstrosity
  8806 | D        | Killed a tentacled monstrosity
  8806 | D        | Reached skill level 27 in Maces & Flails
  8812 | D        | Killed a tentacled monstrosity
  9043 | D        | Reached XP level 19. HP: 150/151 MP: 0/32
  9222 | D        | Noticed a tentacled monstrosity
  9222 | D        | Noticed a golden dragon
  9232 | D        | Killed a golden dragon
  9247 | D        | Killed a tentacled monstrosity
  9491 | D        | Noticed a tentacled monstrosity
  9508 | D        | Killed a tentacled monstrosity
  9583 | D        | Noticed an ancient lich
  9591 | D        | Killed an ancient lich
  9603 | D        | Noticed an orb of fire
  9604 | D        | Gained mutation: Scrolls take you a little longer to read.
                  | [an orb of fire]
  9618 | D        | Killed an orb of fire
  9618 | D        | Reached XP level 20. HP: 157/157 MP: 30/37
  9621 | D        | Noticed an electric golem
  9648 | D        | Killed an electric golem
  9648 | D        | Reached skill level 27 in Invocations
  9716 | D        | Noticed a golden dragon
  9716 | D        | Noticed an electric golem
  9718 | D        | Noticed an orb of fire
  9728 | D        | Killed an electric golem
  9728 | D        | Reached skill level 5 in Stealth
  9736 | D        | Killed an orb of fire
  9736 | D        | Reached skill level 10 in Stealth
  9742 | D        | Noticed a curse toe
  9744 | D        | Noticed an orb of fire
  9748 | D        | Killed a golden dragon
  9758 | D        | Noticed an orb of fire
  9759 | D        | Gained mutation: You are weak. (Str -2) [an orb of fire]
  9772 | D        | Killed an orb of fire
  9776 | D        | Gained mutation: You are partially covered in slimy green
                  | scales. (AC +2) [an orb of fire]
  9788 | D        | Killed an orb of fire
  9794 | D        | Noticed an electric golem
  9801 | D        | Killed a curse toe
  9803 | D        | Noticed an orb of fire
  9809 | D        | Killed an electric golem
  9809 | D        | Gained mutation: Scrolls take you longer to read. [an orb
                  | of fire]
  9814 | D        | Gained mutation: Armour fits poorly on your strangely
                  | shaped body. [an orb of fire]
  9825 | D        | Gained mutation: Your spells are a little easier to cast,
                  | but a little less powerful. [an orb of fire]
  9831 | D        | The Shining One protects you from harm!
  9832 | D        | Gained mutation: You occasionally shout uncontrollably at
                  | your foes. [an orb of fire]
  9833 | D        | Killed an orb of fire
  9833 | D        | Reached skill level 27 in Dodging
 10224 | D        | Lost mutation: Your spells are a little easier to cast, but
                  | a little less powerful. [potion of mutation]
 10224 | D        | Lost mutation: You are weak. (Str -2) [potion of mutation]
 10224 | D        | Lost mutation: You occasionally shout uncontrollably at
                  | your foes. [potion of mutation]
 10224 | D        | Lost mutation: Scrolls take you longer to read. [potion of
                  | mutation]
 10224 | D        | Gained mutation: You are robust. (+10% HP) [potion of
                  | mutation]
 10224 | D        | Gained mutation: Your muscles are strong. (Str +2) [potion
                  | of mutation]
 10361 | D        | Reached skill level 27 in Stealth
 10441 | D        | Noticed an ancient lich
 10448 | D        | Reached XP level 21. HP: 179/179 MP: 38/38
 10470 | D        | Killed an ancient lich
 10507 | D        | Reached skill level 15 in Evocations
 10642 | D        | Got an elven rune of Zot
 11112 | D        | Paralysed by a floating eye for 2 turns
 11486 | D        | Got the Orb of Zot
 11962 | D        | Noticed Dasoer the pandemonium lord
 11986 | D        | Killed from afar by Dasoer the pandemonium lord

Vault maps used:
D:        linesprint

Skill      XL: |  1  2  3  4  5  6  7  8  9 10 11 12 13 14 15 16 17 18 19 20 21 |
---------------+----------------------------------------------------------------+-----
Fighting       | 4 5 7 8 10 13 14 16 18 20 21 22 24 25 27 | 27.0
Maces & Flails | 3 4 6 7 8 12 13 15 17 18 19 20 22 24 27 | 27.0
Armour         | 9 12 15 18 20 23 25 27 | 27.0
Shields        | 9 12 15 18 20 23 25 27 | 27.0
Invocations    | 8 13 17 19 26 27 | 27.0
Dodging        | 8 13 19 24 27 | 27.0
Stealth        | 27 | 27.0
Evocations     | 7 23 | 23.7

Action                   |  1- 3 |  4- 6 |  7- 9 | 10-12 | 13-15 | 16-18 | 19-21 || total
-------------------------+-------+-------+-------+-------+-------+-------+-------++-------
Melee: Flail             |    60 |    34 |       |       |       |       |       ||    94
       Morningstar       |       |     5 |    51 |   288 |   644 |   241 |       ||  1229
       Whip              |       |       |       |    36 |       |       |       ||    36
       Eveningstar       |       |       |       |       |       |   600 |   499 ||  1099
       Sacred scourge    |       |       |       |       |       |    25 |    85 ||   110
Invok: Summon Divine War |       |       |       |       |       |     1 |     2 ||     3
       Cleansing Flame   |       |       |       |       |       |       |     6 ||     6
 Abil: Fly               |       |       |       |       |       |     1 |       ||     1
       Stop Flying       |       |       |       |       |       |     1 |       ||     1
  Use: Scroll            |       |       |     5 |     1 |     7 |    10 |       ||    23
       Potion            |       |       |       |     4 |     1 |     1 |     9 ||    15
  Eat: Chunk             |       |       |       |     8 |     9 |     8 |     5 ||    30
       Ration            |       |       |       |       |     1 |       |     2 ||     3
Armor: Scale mail        |    36 |    11 |       |       |       |       |       ||    47
       Plate armour      |       |     4 |    61 |    97 |   170 |       |       ||   332
       Gold dragon scale |       |       |       |       |    86 |   289 |   136 ||   511
Dodge: Dodged            |    26 |     7 |     9 |    23 |    52 |   129 |    81 ||   327
Block: Shield            |    32 |     9 |    30 |   140 |   393 |   247 |       ||   851
       Reflection        |       |       |       |     3 |    17 |    13 |    20 ||    53
       Large shield      |       |       |       |       |       |   531 |   477 ||  1008

Table legend:
 A = Non-vault XP
 B = Vault XP
 C = Vault XP percentage of total XP
 D = Non-vault monster count
 E = Vault monster count
 F = Vault count percentage of total count
                 A         B        C        D         E       F
            +---------+---------+-------+---------+---------+-------
      Total |    1377 |  557164 |  99.8 |       3 |     444 |  99.3
            +---------+---------+-------+---------+---------+-------
          D |    1377 |  557164 |  99.8 |       3 |     444 |  99.3
            +---------+---------+-------+---------+---------+-------
